 Dungeon Crawl Stone Soup version 0.20-a0-876-g2c7b0bf (webtiles) character file.

158 Goblin1989 the Covert (level 5, -2/25 HPs)
             Began as a Spriggan Assassin on Mar 15, 2017.
             Slain by a centaur (3 damage)
             ... on level 6 of the Dungeon.
             The game lasted 00:26:39 (2808 turns).

Goblin1989 the Covert (Spriggan Assassin)           Turns: 2808, Time: 00:26:39

Health: -2/25      AC:  3    Str:  7    XL:     5   Next: 16%
Magic:  6/6        EV: 17    Int: 17    God:
Gold:   187        SH:  0    Dex: 19    Spells: 4/4 levels left

rFire    . . .     SeeInvis +   a - +2 dagger
rCold    . . .     Gourm    .   c - +0 robe
rNeg     . . .     Faith    .   (shield restricted)
rPois    +         Spirit   .   (helmet restricted)
rElec    .         Reflect  .   d - +0 cloak
rCorr    .         Harm     .   (gloves unavailable)
MR       .....                  (boots unavailable)
Stlth    +++++.....             (no amulet)
Regen    0.1/turn               o - ring of poison resistance
MPRegen  0.1/turn               l - ring of flight

@: brilliant, very quick
A: unfitting armour, see invisible, herbivore 3, speed 3, slow metabolism 2
a: Evoke Flight


You were on level 6 of the Dungeon.
You were not hungry.

You visited 1 branch of the dungeon, and saw 6 of its levels.

You collected 187 gold pieces.

Inventory:

Hand Weapons
 a - a +2 dagger (weapon)
 i - a +0 dagger
 k - a +0 dagger
 p - a +0 club
 q - a +0 dagger
 t - a +0 dagger
 u - a +0 club
 w - a +0 blowgun {@w1}
 y - a +0 mace
 A - a +0 dagger
 B - a +0 club
 C - a +0 club
 E - a +0 whip
 F - a +0 short sword
 G - a +0 dagger
 H - a +0 dagger
Missiles
 b - 129 stones (quivered)
 g - 8 poisoned needles
 h - 56 arrows
 L - 2 tomahawks
 N - 41 bolts
 P - 14 sling bullets
Armour
 c - a +0 robe (worn)
 d - a +0 cloak (worn)
 n - a +0 ring mail
 v - a +0 robe
 I - a +0 robe
 M - a +0 robe
 Q - a +0 robe
Jewellery
 l - a ring of flight (left hand)
 o - a ring of poison resistance (right hand)
Wands
 J - a wand of disintegration (18/24)
Scrolls
 j - 3 scrolls of teleportation {unknown}
 m - 6 scrolls of identify {unknown}
 r - a scroll of enchant armour {unknown}
 x - 3 scrolls of remove curse {unknown}
 D - 2 scrolls of blinking {unknown}
 K - a scroll of immolation {unknown}
 O - a scroll of noise {unknown}
Potions
 s - a potion of agility {unknown}
 z - a potion of brilliance
 S - a potion of experience {unknown}
Comestibles
 e - 5 bread rations {@e1}


   Skills:
 - Level 1.5 Fighting
 - Level 2.1 Short Blades
 - Level 2.0 Throwing
 - Level 1.5 Dodging
 + Level 9.8 Stealth


You had 4 spell levels left.
You didn't know any spells.

Dungeon Overview and Level Annotations

Branches:
Dungeon (6/15)
 Temple: D:4-7

Altars:
Gozag
Sif Muna

Annotations:
D:5 exclusions: adder, ice beast and ogre, Edmund
D:6 exclusions: adder, centaur, ogre, 3 wights and worker ant


Innate Abilities, Weirdness & Mutations

You are very small and have problems with some larger weapons.
You are too small for most types of armour.
You have supernaturally acute eyesight. (SInv)
You are a herbivore.
You cover ground extremely quickly.
You need consume almost no food.


Message History

The hound zombie bites you.
You take 1 damage, and have 12/25 hp.
You hit the hound zombie.
The hound zombie is severely damaged.
The hound zombie bites you.
* * * LOW HITPOINT WARNING * * *
You take 1 damage, and have 11/25 hp.
You hit the hound zombie.
The hound zombie is almost destroyed.
The hound zombie barely misses you.
You hit the hound zombie.
You destroy the hound zombie!
You now have 158 gold pieces (gained 4).
You start resting.
You hear the slow hiss of a distant avalanche of sand.
You regained 2 hp, and now have 14/25 hp.
You start resting.
You hear the hiss of a distant avalanche of sand.
You regained 4 hp, and now have 18/25 hp.
You start resting.
You hear the hiss of a distant avalanche of sand.
You regained 4 hp, and now have 22/25 hp.
You start resting.
HP restored.
Health restored: 25 You now have 163 gold pieces (gained 5).
Okay, then.
Okay, then.
Okay, then.
Okay, then.
You hear the brisk hiss of a distant avalanche of sand.
You open the door.
There is an open door here.
There is an open door here.
Found a stone staircase leading down.
You open the door.
There is a stone staircase leading down here.
You open the door.
There is an open door here. 2 wights come into view.
There is an open door here.
There is an open door here.
A centaur and a wight come into view.
Unknown command.
There is an open door here.
There is an open door here.
You hear the brisk hiss of a very distant avalanche of sand.
Found a stone staircase leading down.
You now have 172 gold pieces (gained 9).
You now have 187 gold pieces (gained 15).
A centaur comes into view.
Found a stone staircase leading up.
Wield which item (- for none, * to show all)? (? for menu, Esc to quit)
w - a +0 blowgun (weapon)
{@w1} Fire/throw which item? (* to show all) (? for menu, Esc to quit)
Press: ? - help, Shift-Dir - straight line, f - centaur
Aim: a centaur (hasn't noticed you)
You shoot a curare-tipped needle.
The curare-tipped needle barely misses the centaur.
The centaur shouts!
The centaur hits you.
You take 6 damage, and have 19/25 hp.
MASSIVE DAMAGE!!
Fire/throw which item? (* to show all) (? for menu, Esc to quit)
Press: ? - help, Shift-Dir - straight line, f/p - centaur
Aim: a centaur You shoot a curare-tipped needle.
The curare-tipped needle completely misses the centaur.
The centaur hits you.
You take 4 damage, and have 15/25 hp.
a - a +2 dagger (weapon)
The centaur hits you but does no damage.
You hit the centaur.
The centaur is lightly wounded.
The centaur barely misses you. The centaur hits you.
* * * LOW HITPOINT WARNING * * *
You take 4 damage, and have 11/25 hp.
You closely miss the centaur.
The centaur is lightly wounded.
The centaur misses you.
You hit the centaur.
The centaur is moderately wounded.
The centaur hits you!
* * * LOW HITPOINT WARNING * * *
You take 8 damage, and have 3/25 hp.
MASSIVE DAMAGE!!
Unknown command.
Unknown command.
You closely miss the centaur.
The centaur is moderately wounded.
The centaur hits you.
* * * LOW HITPOINT WARNING * * *
The centaur barely misses you.
You take 2 damage, and have 1/25 hp.
Unknown command.
Okay, then.
It was a potion of brilliance.
You feel clever all of a sudden. The centaur closely misses you.
It was a potion of magic.
Magic courses through your body. The centaur hits you.
You die...

█.█ █.█ █.█ █▲█ █.█
█..< █.███ █....
█.█.██████.....
█.███████......(█......
...............c∆......
█.███████....██@█....%
█.█.███.█ ... █...█ █.█
. █.█.█ █.█ .. █.█.█
█.█ █∆█ █.█.███.█ █.█
█.......█ █.█
███.█████████.██
█.........█...███..


You could see a centaur.

Vanquished Creatures
  A hound (D:5)
  Jessica (D:2)
  2 hound zombies
  2 adders
  3 worms (D:2)
  3 dart slugs
  4 leopard geckos
  5 bats
  A giant cockroach (D:2)
  4 goblins
  5 hobgoblins
  2 jackals (D:1)
  3 kobolds
  2 ball pythons
  A frilled lizard (D:2)
  2 rats (D:2)
41 creatures vanquished.

Notes
Turn   | Place    | Note
-------+----------+-------------------------------------------
     0 | D:1      | Goblin1989 the Spriggan Assassin began the quest for the Orb.
     0 | D:1      | Reached XP level 1. HP: 10/10 MP: 2/2
    52 | D:1      | Reached skill level 6 in Stealth
   336 | D:1      | Reached XP level 2. HP: 7/14 MP: 3/3
   617 | D:1      | Reached skill level 7 in Stealth
   915 | D:2      | Reached XP level 3. HP: 18/18 MP: 4/4
  1094 | D:2      | Noticed Jessica
  1106 | D:2      | Killed Jessica
  1106 | D:2      | Reached skill level 8 in Stealth
  1106 | D:2      | Reached XP level 4. HP: 19/22 MP: 5/5
  1552 | D:2      | Found a deep blue altar of Sif Muna.
  1616 | D:2      | Wingboner: !lg goblin1989
  1616 | D:2      | beem: 1832. Goblin1989 the Carver (L8 BaFi), blasted by an orc wizard (puff of flame) on D:6 on 2017-03-15 08:18:08, with 1589 points after 6948 turns and 0:14:56.
  1643 | D:3      | Wingboner: !log goblin1989
  1643 | D:3      | beem: 1832. Goblin1989, XL8 BaFi, T:6948: http://crawl.xtahua.com/crawl/morgue/Goblin1989/morgue-Goblin1989-20170315-081808.txt
  1643 | D:3      | Wingboner: &dump goblin1989
  1643 | D:3      | beem: http://CRAWL.XTAHUA.COM/crawl/morgue/Goblin1989/Goblin1989.txt
  1643 | D:3      | Goblin1989: понял
  1643 | D:3      | Goblin1989: меня тут недавно титан обидел
  1643 | D:3      | Goblin1989: демонспавна лайт болтом завалил
  1643 | D:3      | Goblin1989: две руны было уже
  1643 | D:3      | Goblin1989: хреново играть без релека
  1718 | D:3      | casual: ,,,^..^,,,
  1718 | D:3      | casual: DEEP DORF OTAKE
  1718 | D:3      | Goblin1989: точно, от тебя сообщение
  1718 | D:3      | Goblin1989: а как это работает вообще?
  1718 | D:3      | Wingboner: Я уже и не помню, что я там писал.
  1732 | D:3      | Goblin1989: ну это видимо про дворфа
  1802 | D:3      | Wingboner: Работает обычно: я отправляю тебе смс, у тебя выскакивает в логе "Beep! Your pager goes off!"
  1803 | D:3      | Wingboner: И в правом верхнем углу оповещалка.
  1803 | D:3      | Wingboner: Ты нажимаешь _ и можешь прочитать.
  1803 | D:3      | Wingboner: И ответить через :
  1803 | D:3      | Goblin1989: прикольно. а я и не знал про такую фишку.
  1813 | D:3      | Wingboner: А сообщения из вебтайлов чтобы читать надо отдельную настройку прописывать.
  1813 | D:3      | Wingboner: note_chat_messages=true
  1813 | D:3      | Wingboner: Тогда их можно будет прочитать через ?:
  1813 | D:3      | Goblin1989: и где они появятся?
  1813 | D:3      | Wingboner: Но, к сожалению, оповещалки не будет.
  1813 | D:3      | Goblin1989: понятно
  1820 | D:3      | Wingboner: Так что пока сам туда не заглянешь — не узнаешь.
  1880 | D:3      | Reached skill level 9 in Stealth
  1978 | D:4      | Wingboner: А у меня пруха на текущем персонаже по мили-шмоту и непруха по магии.
  1978 | D:4      | Goblin1989: хехе
  1978 | D:4      | Goblin1989: я вообще хочу в слаймы сходить на 5-6 лвл
  1978 | D:4      | Goblin1989: у меня правда скорее всего не получится
  1978 | D:4      | Goblin1989: но будет весело
  2001 | D:4      | Wingboner: !lm xenobreeder type=br.enter place=lair:1 x=ac,ev,sh
  2002 | D:4      | beem: 548. [2017-03-14 18:51:13] [ac=51;ev=15;sh=18] casual the Gargoyle Aeon (L14 GrGl of Cheibriados) entered the Lair of Beasts on turn 21172. (D:11)
  2003 | D:4      | Goblin1989: ого
  2003 | D:4      | Goblin1989: 51 АС
  2012 | D:4      | Wingboner: Вот такая нездоровая херня в зоопарк вошла.
  2024 | D:4      | Wingboner: А сейчас там вообще уже машина-зверь.
  2036 | D:4      | Wingboner: !lm xenobreeder x=ac,ev,sh
  2036 | D:4      | beem: 32214. [2017-03-15 00:00:52] [ac=66;ev=27;sh=19] casual the Sorcerer (L27 GrGl of Cheibriados) found a silver rune of Zot on turn 59515. (Vaults:5)
  2042 | D:4      | Wingboner: И все резисты, конечно.
  2059 | D:4      | Goblin1989: ну так гаргулья же
  2059 | D:4      | Wingboner: А вот из магии только реген и дефлект из нужного.
  2059 | D:4      | Goblin1989: релек искать ниннада
  2059 | D:4      | Wingboner: Ни сингулярности ни хотя бы торнадо.
  2062 | D:4      | Wingboner: Ну рЭлек нинужен.
  2065 | D:4      | Wingboner: Я без него много раз выигрывал.
  2065 | D:4      | Wingboner: Но если заморочиться, то легко закрыть бутылкой или посохом.
  2065 | D:4      | Goblin1989: ты это моему последнему DsAr скажи :'(
  2065 | D:4      | Iwannabefree: почему не ен то
  2065 | D:4      | Wingboner: Поэтому я поднимаю даже за Трога посохи.
  2066 | D:5      | Entered Level 5 of the Dungeon
  2067 | D:5      | Iwannabefree: всегда казалось что ас это как ен только для тупых
  2067 | D:5      | Wingboner: Неверно.
  2067 | D:5      | Iwannabefree: чейта
  2067 | D:5      | Goblin1989: у ассассина больше стелса
  2067 | D:5      | Wingboner: As это как Fi, вид сбоку.
  2079 | D:5      | Found an opulent altar of Gozag.
  2084 | D:5      | Iwannabefree: с даггером то?
  2086 | D:5      | Wingboner: Его в файт качать надо, а не стелс.
  2110 | D:5      | Iwannabefree: так поэтому и я не понимаю почему ас
  2111 | D:5      | Wingboner: Блоуган вместо бутылки майта и щита.
  2117 | D:5      | Iwannabefree: хуй ты спригнаном потабаешь
  2122 | D:5      | Wingboner: Я табал спригганом.
  2122 | D:5      | Wingboner: Удовлетворён.
  2122 | D:5      | Goblin1989: мне не потабать нужно
  2122 | D:5      | Iwannabefree: не на таком этапе
  2138 | D:5      | Wingboner: !lg xenobreeder spie won x=mhp,ac,ev,sh
  2138 | D:5      | beem: 1. [mhp=226;ac=52;ev=57;sh=13] casual the Conqueror (L27 SpIE of Cheibriados), escaped with the Orb and 6 runes on 2015-06-08 20:13:27, with 3436498 points after 100257 turns and 6:16:16.
  2142 | D:5      | Iwannabefree: с чеистатуей любой инвалид затабает
  2153 | D:5      | Iwannabefree: а до этого?
  2173 | D:5      | Wingboner: А до этого в броне табал =)
  2177 | D:5      | Iwannabefree: в тканевой?
  2182 | D:5      | Wingboner: В магической.
  2198 | D:5      | Wingboner: Потому и начал как IE.
  2212 | D:5      | Iwannabefree: ну так тут то ас
  2229 | D:5      | Iwannabefree: с нинужными статами и без книги хексов
  2241 | D:5      | Noticed an ogre
  2243 | D:5      | Wingboner: Ну считай как кот играть.
  2243 | D:5      | Wingboner: Если ты и насчёт кота не неосилятор, как обычно.
  2243 | D:5      | Iwannabefree: мили не пробовал, магический ок
  2243 | D:5      | Iwannabefree: гибридный более менее, если дожил до конфуза
  2305 | D:5      | Reached XP level 5. HP: 18/25 MP: 6/6
  2316 | D:5      | Noticed an ice beast
  2329 | D:5      | Iwannabefree: а инчантером бы всех затабал уже.
  2329 | D:5      | Noticed Edmund
  2337 | D:5      | Iwannabefree: вместо того чтобы эксклюды тыкать
  2344 | D:5      | Wingboner: А берсерком такваще.
  2354 | D:5      | Iwannabefree: ниет
  2362 | D:5      | Wingboner: Да.
  2364 | D:5      | Iwannabefree: ниет
  2385 | D:6      | Wingboner: Суть в том, что ты пытаешься заставить его играть одной простой комбой.
  2386 | D:6      | Wingboner: Это тупо.
  2387 | D:6      | Wingboner: Очень.
  2388 | D:6      | Noticed an ogre
  2398 | D:6      | Wingboner: Пойди и выиграй три мумо, чтобы искупить свой грех.
  2448 | D:6      | Iwannabefree: Я у него не вижу ни одного вина сп, поэтому говорю наиболее оптимаьлный путь
  2464 | D:6      | Goblin1989: если честно
  2464 | D:6      | Wingboner: Кому как.
  2464 | D:6      | Wingboner: Лично мне IE был самый оптимальный.
  2464 | D:6      | Goblin1989: я выиграть вообще не расчитываю
  2472 | D:6      | Iwannabefree: >>лично мне
  2472 | D:6      | Iwannabefree: >>оптимальный
  2472 | D:6      | Goblin1989: просто весело провожу время
  2635 | D:6      | Iwannabefree: у вас мисандерстенд понятия оптимальность
  2641 | D:6      | Wingboner: Нет, у тебя.
  2642 | D:6      | Wingboner: Потому что в spen я просто не могу, нервов не хватает.
  2649 | D:6      | Iwannabefree: что сп, что вп, выигрывают игру если имеют ранний конфуз
  2649 | D:6      | Iwannabefree: все остальное это ослабленная версия конфуза
  2649 | D:6      | Wingboner: Иди играй одними DDBe.
  2649 | D:6      | Iwannabefree: дд говно
  2649 | D:6      | Wingboner: Лол,
  2649 | D:6      | Wingboner: DD выигрывает всегда.
  2649 | D:6      | Wingboner: Просто всегда.
  2649 | D:6      | Iwannabefree: он геймплейно говно
  2649 | D:6      | Wingboner: Нет ты.
  2649 | D:6      | Iwannabefree: Нет ты.
  2649 | D:6      | Wingboner: Ты ж только что начал рассказывать, что твои любимые чары всегда выигрывают.
  2649 | D:6      | Wingboner: И не можешь понять, что другим они НЕИНТЕРЕСНЫ.
  2649 | D:6      | Wingboner: И НАХЕР НЕ НУЖНЫ.
  2649 | D:6      | Wingboner: Я тебе привёл пример аналогичного для тебя.
  2649 | D:6      | Wingboner: И до тебя до сих пор не доходит.
  2649 | D:6      | Iwannabefree: Так ты сам всем нинужных чеи с сифой советуешь
  2649 | D:6      | Iwannabefree: Еще мне что-то говоришь : ^)
  2649 | D:6      | Wingboner: Сиф объективно хороший бог сейчас.
  2649 | D:6      | Iwannabefree: Мата хажимата
  2649 | D:6      | Wingboner: Старая Сиф хреновата, но после баффа годнота.
  2649 | D:6      | Iwannabefree: То-то лалиев так плевался с нее, что дропнул после лейра в угоду веху
  2649 | D:6      | Wingboner: Лол. Не видел такой херни.
  2649 | D:6      | Iwannabefree: я кстати тоже плевался
  2649 | D:6      | Wingboner: Но почему?
  2649 | D:6      | Wingboner: Объясни.
  2649 | D:6      | Iwannabefree: ??veh
  2649 | D:6      | beem: vehumet[1/2]: The god of destructive magic. Offers you the opportunity to memorize up to 15 different destructive spells over the course of the game, beginning with a L1 spell at * piety and loosely weighted by elemental skills. Provides mana on kills at * piety, {wizardry} bonus for destructive spells at *** piety, and extra range at **** piety.
  2649 | D:6      | Wingboner: Разве что ты брал Wz.
  2649 | D:6      | Iwannabefree: W I Z A R D R Y
  2649 | D:6      | Iwannabefree: I
  2649 | D:6      | Iwannabefree: Z
  2649 | D:6      | Iwannabefree: A
  2649 | D:6      | Iwannabefree: R
  2649 | D:6      | Iwannabefree: D
  2649 | D:6      | Iwannabefree: R
  2649 | D:6      | Iwannabefree: Y
  2649 | D:6      | Iwannabefree: как с двух колец.
  2649 | D:6      | Wingboner: Miscast protection.
  2649 | D:6      | Iwannabefree: >на тебя набигает шрайк
  2649 | D:6      | Iwannabefree: >мескаст
  2649 | D:6      | Iwannabefree: >мескаст
  2649 | D:6      | Iwannabefree: >умир
  2649 | D:6      | Wingboner: Вообще-то когда шрайки — у тебя даааавно уже всё на 99%.
  2649 | D:6      | Iwannabefree: не пизди
  2649 | D:6      | Iwannabefree: !log . desu -2
  2649 | D:6      | beem: 40/41. Iwannabefree, XL24 DESu, T:66560: http://crawl.xtahua.com/crawl/morgue/Iwannabefree/morgue-Iwannabefree-20170213-183519.txt
  2649 | D:6      | Iwannabefree: с вехом я кастовал глац уже ко второй руне.
  2649 | D:6      | Wingboner: &locateall casual
  2649 | D:6      | Wingboner: !locateall casual
  2649 | D:6      | Iwannabefree: !log . * fewz
  2649 | D:6      | beem: 1. Iwannabefree, XL27 FeWz, T:86051: http://crawl.xtahua.com/crawl/morgue/Iwannabefree/morgue-Iwannabefree-20161117-071756.txt
  2649 | D:6      | beem: casual: CAO 0.19, L1 HuFi of No God
                  | CBRO councilgod-PR 0.20-a, L13 GrMo of Ieoh Jian
                  | CBRO 0.20-a, L25 DEAE of Sif Muna
                  | CUE 0.20-a, L25 BaFi of Cheibriados
                  | CXC 0.20-a, L27 DsFi of Gozag
                  | CXC 0.19, L24 TrTm of Cheibriados
  2649 | D:6      | Wingboner: &dump casual
  2649 | D:6      | beem: http://CRAWL.XTAHUA.COM/crawl/morgue/casual/casual.txt
  2649 | D:6      | Wingboner: &dump casual
  2649 | D:6      | beem: http://CRAWL.XTAHUA.COM/crawl/morgue/casual/casual.txt
  2649 | D:6      | Wingboner: Хм.
  2649 | D:6      | Wingboner: &dump casual
  2649 | D:6      | beem: http://CRAWL.XTAHUA.COM/crawl/morgue/casual/casual.txt
  2649 | D:6      | Wingboner: ??bots
  2649 | D:6      | beem: bots[1/3]: Bots that can be pm'd: announcement bots: Henzell (CAO, !), Gretell (CDO, @), Lantell (CUE, $), Rotatell (CBRO, ^), Eksell (CXC, |), Jorgrell (CJR, =); others: Varmin, Cheibriados (%), and Sequell (! ?? & and others)
  2649 | D:6      | Wingboner: ^dump casual
  2649 | D:6      | Wingboner: http://crawl.berotato.org/crawl/morgue/casual/casual.txt
  2649 | D:6      | Wingboner: Собственно, вот мой чар с Сиф, к 25 уровню у него есть и шторм и торнадо.
  2649 | D:6      | Iwannabefree: 7 и 6 процентов к концу депсов
  2649 | D:6      | Iwannabefree: so meh
  2649 | D:6      | Wingboner: Могло быть одно что-то на 1%.
  2649 | D:6      | Wingboner: Но мне не нужно так.
  2649 | D:6      | Iwannabefree: хотя вейт
  2649 | D:6      | Iwannabefree: пхах
  2674 | D:6      | Iwannabefree: это еще после в5
  2676 | D:6      | Iwannabefree: ясн
  2713 | D:6      | Noticed a centaur
  2715 | D:6      | Iwannabefree: насколько я помню, у меня к концу трехрунки были глац и фш на минимуме
  2725 | D:6      | Iwannabefree: и я учил торнадо
  2737 | D:6      | Wingboner: Суть Сиф в том, что у тебя никогда не закончится мана.
  2742 | D:6      | Iwannabefree: это все с тем, что я качал файтинг
  2752 | D:6      | Wingboner: Вот вообщеникогда.
  2753 | D:6      | Iwannabefree: и додж
  2783 | D:6      | Wingboner: И всегда будет некромут, дмсл, реген и любые другие заклинания поддержки.
  2786 | D:6      | Iwannabefree: а у тебя 7 файта к концу трех рун
  2798 | D:6      | Noticed a centaur
  2799 | D:6      | Iwannabefree: у тебя закончатся жизни.
  2805 | D:6      | Wingboner: С какой радости, если 27/33?
  2806 | D:6      | HP: 1/25 [centaur (2)]
  2807 | D:6      | Iwannabefree: 135
  2808 | D:6      | Wingboner: И плюс заклинания поддержки сильно помогают.
  2808 | D:6      | Iwannabefree: это на один лкс
  2808 | D:6      | Slain by a centaur

Vault maps used:
D:1:      lemuel_arrival_muddy, moated_statue
D:2:      led_sif_pool, uniq_jessica
D:3:      uniq_robin
D:5:      nicolae_gozag_cash_rules_everything_around_me, first_bread,
          uniq_edmund
D:6:      lemuel_slime, minmay_temple_entry_fiery, gup_ossuary_entry_pyramid

Skill      XL: |  1  2  3  4 |
---------------+-------------+-----
Stealth        | 6 7 8 9 |  9.8
Fighting       | |  1.5
Short Blades   | |  2.1
Throwing       | |  2.0
Dodging        | |  1.5

Action                   |  1- 3 |  4- 6 || total
-------------------------+-------+-------++-------
Melee: Dagger            |   105 |    77 ||   182
 Fire: Blowgun           |       |     9 ||     9
  Use: Potion            |       |     2 ||     2
 Stab: Sleeping          |     8 |     6 ||    14
       Distracted        |     2 |       ||     2
Armor: Robe              |     9 |    14 ||    23
Dodge: Dodged            |    92 |    56 ||   148

Vault maps used:
D:1:      lemuel_arrival_muddy, moated_statue
D:2:      led_sif_pool, uniq_jessica
D:3:      uniq_robin
D:5:      nicolae_gozag_cash_rules_everything_around_me, first_bread,
          uniq_edmund
D:6:      lemuel_slime, minmay_temple_entry_fiery, gup_ossuary_entry_pyramid
